woodfighter, neutral female valkyrie Shieldmaiden ----------.. #####...........-.- # |........)...| ### +.............# --------------- @ |.......(....|## +.\.......<...+ e ---..........+# |.............| . ------------####..............| --------------- woodfighter the Shieldmaiden Experience level: 6 Strength: 18/03 Dexterity: 11 Constitution: 15 Intelligence: 10 Wisdom: 9 Charisma: 11 Health: 0(41) Energy: 19(19) Def: 7 Gold: 803 Moves: 2790 Dungeon seed [set]: Game ID: woodfighter_1679015936 Your Inventory: Coins $ - 803 gold pieces Weapons a - an uncursed +2 spear named main (weapon in hand) b - 4 uncursed +0 daggers c - 2 uncursed +2 spears (in quiver) Armor e - an uncursed +3 elven shield (being worn) n - an uncursed +0 leather armor (being worn) r - a blessed +0 orcish helm Y - a cursed -1 mummy wrapping Comestibles d - 3 uncursed food rations Scrolls i - an uncursed scroll of identify C - an uncursed scroll of scare monster G - an uncursed scroll of scare monster H - a blessed scroll of light Spellbooks u - an uncursed spellbook of blank paper B - a blessed spellbook of healing Potions l - an uncursed potion of invisibility o - an uncursed potion of gain energy A - an uncursed potion of restore ability Rings D - an uncursed ring of polymorph control Wands g - an uncursed wand of cold (0:4) s - an uncursed wand of locking (0:8) Tools f - an uncursed oil lamp (0:1371) Gems q - 2 uncursed worthless pieces of green glass y - an uncursed agate z - an uncursed emerald F - an uncursed worthless piece of blue glass N - an uncursed jasper Spells and supernatural/magical abilities: Name Level Category Fail Memory W - pray for help -- divine ? -- Your skills at the end: Miscellaneous Skills shield [Basic] wands [Basic] Weapon Skills dagger [Basic] spear [Basic] Spellcasting Skills Final Attributes: You were devoutly aligned. You were cold resistant. You were stealthy. You could fly. You are dead. Vanquished creatures: a giant beetle a blue jelly a rope golem 5 bugbears a rock mole a fog cloud a shrieker a gnome lord a gnomish wizard a kobold mummy a floating eye 2 kobold lords 2 iguanas 3 rothes a giant bat 2 hobbits 3 geckos 3 hobgoblins 3 giant rats a cave spider a red mold 2 gnomes 7 jackals a kobold 9 newts 2 sewer rats 5 grid bugs 4 lichens a kobold zombie 67 creatures vanquished. Voluntary challenges: You did not adorn yourself with jewelry or accessories. You did not cause conflict. You were not invisible. You did not have reflection. You were not displaced. You were an atheist. You used a wielded weapon 88 times, starting on turn 23. You did not apply a unicorn horn. You did not use plumbed fixtures. You did not drink any magical draughts. You read items or engraved 1 time, starting on turn 1851. You never genocided any monsters. You never polymorphed an object. You never changed form. You used no wishes. You did not use any artifacts. You never split a pudding. You never wrote Elbereth's name. You never violated your personal moral code. You enabled loading special bones files. Dungeon overview: The Dungeons of Doom: levels 1 to 7 Level 1 a long staircase Level 2 (box) a vault, a music store stairs to The Gnomish Mines Level 3 a vault, a fountain Level 4 (box) some fountains Level 5 (box) a vault, an altar to Loki, some fountains, a throne Level 6 some fountains, a sink, a bench Level 7 <- You were here a bench The Gnomish Mines: Level 3 stairs to The Dungeons of Doom History has recorded: On T:1 you entered the Dungeons of Doom to retrieve the Amulet of Yendor! On T:194 you reached level 2 of The Dungeons of Doom. On T:560 you advanced to experience level 2. On T:650 you reached level 1 of The Gnomish Mines. On T:790 you reached level 3 of The Dungeons of Doom. On T:887 you advanced to experience level 3. On T:1105 you reached level 4 of The Dungeons of Doom. On T:1496 you advanced to experience level 4. On T:1594 you reached level 5 of The Dungeons of Doom. On T:1928 you advanced to experience level 5. On T:2293 you reached level 6 of The Dungeons of Doom. On T:2396 you reached level 7 of The Dungeons of Doom. On T:2541 you advanced to experience level 6. Score breakdown: Gold: 803 ( 80 points) Experience: 6 levels ( 500 points) Exploration: 7 levels ( 180 points) Discoveries: 20 items ( 1000 points) Variety of kills: 29 monsters ( 1450 points) Major goal: (nothing yet) ( 0 points) Survival: died (score multiplied by 3) Total score: 9630 Latest messages: You stop exploring. You see here a large box. The rock mole bites! You jab the rock mole! You kill the rock mole! H - a scroll labeled PRIRUTSENIE. The hobbit wields a dagger! The dagger welds itself to the hobbit's hand! You kill the hobbit! There are a few objects here. This hobbit corpse tastes terrible! You finish eating the hobbit corpse. You are carrying too much to get through. The rope golem claws you! The rope golem just misses! You jab the rope golem! The rope golem claws you! (2x) You jab the rope golem! The rope golem claws you! The rope golem misses. You jab the rope golem! You destroy the rope golem! A floating eye blocks your way. You jab the floating eye! As you meet its deep, meaningful gaze, you feel its suffering as though it were your own. You die... Final status: Goodbye woodfighter the Shieldmaiden, killed by vicarious suffering... You died in The Dungeons of Doom on dungeon level 7 with 9630 points, and 803 pieces of gold, after 2790 moves. You were level 6 with a maximum of 41 hit points when you died.